 Seeded DCSS version 0.29.1-2-gbd0b4ee654 (webtiles) character file.

Game seed: 19941 (custom seed)

81 Ashen the Firebug (level 4, -7/31 HPs)
             Began as a Demonspawn Fire Elementalist on Oct 28, 2022.
             Mangled by a gnoll
             ... wielding a +0 halberd
              (14 damage)
             ... on level 2 of the Dungeon.
             The game lasted 00:04:39 (2171 turns).

Ashen the Firebug (Demonspawn Fire Elementalist)    Turns: 2171, Time: 00:04:39

Health: -7/31      AC:  6    Str:  8    XL:     4   Next: 19%
Magic:  0/7        EV:  6    Int: 18    God:
Gold:   41         SH:  0    Dex: 14    Spells: 7/8 levels left

rFire   . . .      SeeInvis .   d - +1 dagger (flame)
rCold   . . .      Faith    .   (no shield)
rNeg    . . .      Spirit   .   e - +3 leather armour
rPois   .          Reflect  .   (no helmet)
rElec   .          Harm     .   (no cloak)
rCorr   .          Rampage  .   (no gloves)
Will    .....                   (no boots)
Stlth   ++........              (no amulet)
HPRegen 0.10/turn               (no ring)
MPRegen 0.10/turn               (no ring)

@: held
A: sturdy frame 1, weakness stinger 1
a: no special abilities


You were on level 2 of the Dungeon.
You visited 1 branch of the dungeon, and saw 2 of its levels.

You collected 41 gold pieces.

Inventory:

Hand Weapons
 d - a +1 dagger of flaming (weapon)
Armour
 a - a +0 robe
 e - a +3 leather armour (worn)
Scrolls
 c - a scroll of magic mapping {unknown}
 f - a scroll of amnesia {unknown}
 g - 2 scrolls of identify {unknown}
 h - a scroll of noise {unknown}
Potions
 b - a potion of magic


   Skills:
 + Level 0.7 Fighting
 + Level 2.3 Dodging
 + Level 2.4 Stealth
 + Level 2.5 Spellcasting
 + Level 2.0 Conjurations
 + Level 3.1 Fire Magic


You had 7 spell levels left.
You knew the following spells:

 Your Spells              Type           Power      Damage    Failure   Level
a - Foxfire               Conj/Fire      44%        2x1d6     6%          1

Your spell library contained the following spells:

 Spells                   Type           Power      Damage    Failure   Level
 Scorch                   Fire           26%        2d6       8%          2
 Conjure Flame            Conj/Fire      11%        6-21      19%         3
 Inner Flame              Hex/Fire       7%         N/A       28%         3
 Flame Wave               Conj/Fire      11%        2d6       54%         4


Dungeon Overview and Level Annotations

Branches:
Dungeon (2/15)

Altars:

Shops:
D:1 ([*


Innate Abilities, Weirdness & Mutations

Your movements are slightly less encumbered by armour. (ER -2)
You have a small tail.


Message History

You feel agile.
Casting: Foxfire (safe; 7% risk of failure)
Confirm with . or Enter, or press ? or * to list all spells.
You conjure some foxfire!
You hit the gnoll. You burn the gnoll.
The gnoll is moderately wounded.
The foxfire hits the gnoll but does no damage.
The gnoll is moderately wounded.
The foxfire hits the gnoll.
The gnoll is severely wounded.
The gnoll hits you but does no damage.
You closely miss the gnoll.
The gnoll is severely wounded.
The gnoll closely misses you.
You hit the gnoll. You burn the gnoll. You tail-slap the gnoll.
You kill the gnoll!
The gnoll misses you.
Your Conjurations skill increases to level 2!
Unknown command.
Casting: Foxfire (safe; 6% risk of failure)
Confirm with . or Enter, or press ? or * to list all spells.
You conjure some foxfire!
The gnoll throws a throwing net.
The throwing net hits you.
You become entangled in the net!
Casting: Foxfire (safe; 6% risk of failure)
Confirm with . or Enter, or press ? or * to list all spells.
You conjure some foxfire!
The gnoll hits you from afar with a +0 halberd.
The foxfire hits the gnoll.
The gnoll is lightly wounded.
The foxfire hits the gnoll.
The gnoll is moderately wounded.
The foxfire hits the gnoll but does no damage.
The gnoll is moderately wounded.
The foxfire hits the gnoll.
The gnoll is heavily wounded.
The gnoll hits you from afar with a +0 halberd!
* * * LOW HITPOINT WARNING * * *
You struggle against the net.
The gnoll hits you from afar with a +0 halberd!
You die...

#.# ##..####.####.#......
#.####.............#######
#.##...#.####.###### #
#.##.#...# #># #
#.##.###.# #.############
#.##[# #.# #....)..>.....
#.##.# #.#####...>........
#....###.......###########
####...§§@............
#.###)############. #.#
#g# #.# #.######## #.#
#......... #.# #(.#######
#.# #.§# #.# #..# #..#


You could see a gnoll.

Vanquished Creatures
  2 gnolls (D:2)
  2 adders (D:2)
  2 dart slugs
  3 endoplasms
  A giant cockroach (D:1)
  3 goblins
  5 hobgoblins
  4 kobolds
  2 quokkas (D:1)
  2 ball pythons (D:1)
  4 bats
  5 frilled lizards
  5 rats
40 creatures vanquished.

Vanquished Creatures (others)
  83 foxfires
83 creatures vanquished.

Grand Total: 123 creatures vanquished

Notes
Turn   | Place    | Note
-------+----------+-------------------------------------------
     0 | D:1      | Ashen the Demonspawn Fire Elementalist began the quest for
                  | the Orb.
     0 | D:1      | Reached XP level 1. HP: 13/13 MP: 3/3
   396 | D:1      | Gained mutation: Your movements are slightly less
                  | encumbered by armour. (ER -2) [demonic ancestry]
   396 | D:1      | Reached XP level 2. HP: 9/19 MP: 0/5
   602 | D:1      | Found a faded altar of an unknown god.
   673 | D:1      | Found Riotof's Antique Weapon Shop.
  1247 | D:1      | Found Vypiut's Assorted Antiques.
  1255 | D:1      | Found Marruhor's Antique Armour Shoppe.
  1257 | D:1      | Gained mutation: You have a small tail. [demonic ancestry]
  1257 | D:1      | Reached XP level 3. HP: 24/24 MP: 6/6
  1655 | D:2      | Reached skill level 3 in Fire Magic
  2164 | D:2      | Reached XP level 4. HP: 22/31 MP: 2/7
  2171 | D:2      | Mangled by a gnoll

Illustrated notes

Levels and vault maps discovered:
D:1:      lightli_arrival_lavapool, layout_basic, serial_shops, shop_fountains,
          shop, nicolae_shop_trees,
          hellmonk_ecumenical_altar_pennies_from_heaven
D:2:      layout_loops_ring, minmay_hexomino_c4

Skill      XL: |  1  2  3  4 |
---------------+-------------+-----
Stealth        | 2 |  2.4
Dodging        | 2 |  2.3
Fire Magic     | 3 |  3.1
Conjurations   | 2 |  2.0
Fighting       | |  0.7
Spellcasting   | |  2.5

Action                   |  1- 3 |  4- 6 || total
-------------------------+-------+-------++-------
Melee: Unarmed           |    14 |       ||    14
       Dagger            |    43 |     3 ||    46
       Tailslap          |     2 |     1 ||     3
 Cast: Foxfire           |    43 |     3 ||    46
 Stab: Sleeping          |     2 |       ||     2
Armor: Robe              |     8 |       ||     8
       Leather armour    |    23 |     1 ||    24
Dodge: Dodged            |    52 |     2 ||    54
